 Dungeon Crawl Stone Soup version 0.28-a0-1435-g82390b3a13 (webtiles) character file.

Game seed: 10482616307908697186

127263 Froggeryz the Spry (level 16, -5/93 HPs)
             Began as a Spriggan Berserker on Jan 9, 2022.
             Was the Champion of Trog.
             Succumbed to a meliai's poison
             ... on level 3 of the Spider Nest.
             The game lasted 01:07:36 (32755 turns).

Froggeryz the Spry (Spriggan Berserker)            Turns: 32755, Time: 01:07:36

Health: -5/93      AC:  5    Str: 19    XL:     16   Next: 45%
Magic:  1/26       EV: 28    Int:  9    God:    Trog [******]
Gold:   622        SH: 10    Dex: 16    Spells: 15/15 levels left

rFire   . . .      SeeInvis +   M - +9 quick blade (protect)
rCold   + + +      Faith    .   V - +2 buckler
rNeg    . . .      Spirit   +   L - +1 troll leather armour
rPois   +          Reflect  .   (helmet restricted)
rElec   .          Harm     .   v - +0 cloak
rCorr   .          Rampage  .   (gloves unavailable)
Will    +++..      NoTele   +   (boots unavailable)
Stlth   +++++.....              K - amulet "Ydu Ocka" {Spirit -Tele rPois rC+ MP+9}
HPRegen 1.05/turn               i - +4 ring of protection
MPRegen 0.20/turn               D - ring "Kag Tyuck" {*Corrode Fly rC++ Will+ Slay+6}

@: lethally poisoned (-5 -> -39), corroded, under a protective aura, flying,
studying Dodging, very quick
A: very small, no large weapons, unfitting armour, see invisible, speed 3
a: Renounce Religion, Berserk, Trog's Hand, Brothers in Arms


You were on level 3 of the Spider Nest.
You worshipped Trog.
Trog was exalted by your worship.
You visited 5 branches of the dungeon, and saw 25 of its levels.
You also visited: Bailey, Ice Cave and Volcano.

You collected 3031 gold pieces.
You spent 2409 gold pieces at shops.

Inventory:

Hand Weapons
 M - a +9 quick blade of protection (weapon)
Missiles
 h - 71 poisoned darts (quivered)
 B - 3 curare-tipped darts
 J - 13 throwing nets
Armour
 v - a +0 cloak (worn)
 L - a +1 troll leather armour (worn)
 V - a +2 buckler (worn)
Jewellery
 i - a +4 ring of protection (left hand)
 j - a ring of protection from cold
 k - an amulet of the acrobat
 m - an amulet of reflection
 o - a ring of willpower
 z - a ring of positive energy
 C - an amulet of regeneration
 D - the ring "Kag Tyuck" (right hand) {*Corrode Fly rC++ Will+ Slay+6}
   (You bought it in a shop on level 2 of the Orcish Mines)

   [ring of willpower]

   Slay:      It affects your accuracy & damage with ranged weapons and melee
   (+6).
   rC:        It greatly protects you from cold.
   Fly:       It grants you flight.
   *Corrode:  It may corrode you when you take damage.
   Will:      It increases your willpower.
 K - the amulet "Ydu Ocka" (around neck) {Spirit -Tele rPois rC+ MP+9}
   (You took it off a gnoll shaman in a bailey)

   [amulet of guardian spirit]

   It causes incoming damage to be divided between your reserves of health and
   magic.
   rC:        It protects you from cold.
   rPois:     It protects you from poison.
   MP:        It affects your magic capacity (+9).
   -Tele:     It prevents most forms of teleportation.
 Q - the ring "Lanan" {rCorr Str+6}
   (You found it in an ice cave)

   [ring of strength]

   Str:       It affects your strength (+6).
   rCorr:     It protects you from acid and corrosion.
 R - a ring of poison resistance
Wands
 f - a wand of digging (8)
 q - a wand of flame (6)
 A - a wand of paralysis (20)
 F - a wand of mindburst (27)
 P - a wand of charming (9)
 T - a wand of acid (9)
 Y - a wand of iceblast (10)
Scrolls
 b - 4 scrolls of fear
 e - 16 scrolls of teleportation
 g - 6 scrolls of magic mapping
 r - 5 scrolls of fog
 s - 3 scrolls of immolation
 u - 3 scrolls of enchant armour
 w - a scroll of identify
 y - 3 scrolls of noise
Potions
 a - 3 potions of heal wounds
 c - 3 potions of attraction {unknown}
 d - 2 potions of brilliance {unknown}
 l - 13 potions of curing
 n - 4 potions of haste
 p - 3 potions of magic {unknown}
 t - a potion of lignification {unknown}
 x - 3 potions of might
 E - 5 potions of resistance {unknown}
 G - 6 potions of ambrosia {unknown}
 H - a potion of degeneration {unknown}
 O - 4 potions of berserk rage {unknown}
 W - a potion of invisibility {unknown}
 X - a potion of flight {unknown}
 Z - a potion of cancellation {unknown}
Miscellaneous
 N - a phial of floods


   Skills:
 - Level 14.0 Fighting
 - Level 16.0 Short Blades
 - Level 10.0 Throwing
 + Level 1.2 Armour
 - Level 18.1 Dodging
 - Level 13.3 Stealth
 + Level 7.9 Shields
 - Level 5.3 Evocations


You had 15 spell levels left.
You didn't know any spells.
Your spell library was empty.

Dungeon Overview and Level Annotations

Branches:
Dungeon (12/15)            Temple (0/1) D:6            Lair (6/6) D:10
 Shoals (0/4) Lair:3       Spider (4/4) Lair:4        Slime (0/5) Lair:6
    Orc (2/2) D:12            Elf (1/3) Orc:2        Bailey (visited)
  IceCv (visited)         Volcano (visited)

Altars:
Dithmenos
Jiyva

Shops:
D:6 **(   D:7 *   Orc:2 !*=:*

Annotations:
Lair:2 3 runed translucent doors, Naaf's ghost, journeyman DrFi
Spider:1 Roxanne


Innate Abilities, Weirdness & Mutations

You are very small and have problems with some larger weapons.
You are too small for most types of armour.
You have supernaturally acute eyesight. (SInv)
You cover ground extremely quickly. (Speed+++)


Message History

* * * LOW HITPOINT WARNING * * *
The meliai misses you. The tarantella completely misses you.
Okay, then.
You feel much better.
The meliai calls down the wrath of its god upon you.
Something smites you!
* * * LOW HITPOINT WARNING * * *
The tarantella closely misses you. The meliai completely misses you. x2
The tarantella completely misses you.
You feel better.
The meliai hits you with a +0 broad axe!!
* * * LOW HITPOINT WARNING * * *
The meliai closely misses you. You block the meliai's attack.
The meliai stings you.
* * * LOW HITPOINT WARNING * * *
The tarantella completely misses you.
You feel much better. You block the meliai's attack.
The meliai barely misses you. You block the tarantella's attack.
The meliai closely misses you. The meliai stings you.
You are poisoned.
The meliai poisons you! The tarantella completely misses you.
You hit the meliai.
Your weapon exudes an aura of protection.
The meliai is severely wounded.
You feel sick. You block the meliai's attack. The meliai stings you!
* * * LOW HITPOINT WARNING * * *
You are lethally poisoned!
The meliai poisons you!
You miss the meliai.
The meliai is severely wounded.
* * * LOW HITPOINT WARNING * * *
You feel very sick.
The tarantella touches you but does no damage.
The meliai mumbles some strange prayers to its god against you.
Something smites you!
* * * LOW HITPOINT WARNING * * *
As you read the scroll of fear, it crumbles to dust.
You assume a fearsome visage.
The tarantella looks frightened!
The meliai looks frightened!
You die...

........#.....#...#.#......#.##..
.#........#.........)...#........
##..##......#.^.#...#..#..##...#.
###...#..#.......#............#.
#....#...#^.#...#....#..#.#....
##.#......[...#.##...#....##.#.
##^^^##...##.................#
#..##....#^..#..###..#.....#..
##.#..^.....y@.....>........#.
##.#.#(##..#s.#..#....#.....#
##........#.#....#.#.....#..
##^#.....##...#..#...#....#
###...#......#^(..#..#..##
##...#..#....#^....#^.#...
#....#......#..#.#..##^##.
#....#.#...##...##..######
###..###.......######


You could see a tarantella (fleeing) and a meliai (fleeing).

Vanquished Creatures
  Arachne (Spider:2)
  2 azure jellies (IceCv)
  An orc warlord (Orc:1)
  2 ghost moths
  2 broodmothers
  2 quicksilver oozes
  Azrael (Orc:2)
  An entropy weaver (Spider:1)
  Snorg (Lair:4)
  A jorogumo (Spider:3)
  Harold (D:10)
  Erolcha (Orc:2)
  Fannar (Lair:2)
  7 boulder beetles
  A death knight (D:11)
  6 hydras
  3 radroaches
  4 two-headed ogres
  12 death yaks
  Urug (D:12)
  3 pharaoh ants
  3 steelbarb worms
  A goliath frog (Lair:6)
  10 orb spiders
  2 orc knights (Orc:2)
  A phantasmal warrior (D:11)
  2 lindwurms (Volcano)
  Pikel (D:6)
  A cyclops (D:9)
  11 wolf spiders
  An ugly thing (D:11)
  3 moths of wrath
  Maurice (D:12)
  2 centaur zombies
  An ice statue (IceCv)
  14 elephants
  3 black mambas
  4 molten gargoyles (Volcano)
  A gargoyle (D:11)
  3 torpor snails
  7 demonic crawlers
  2 freezing wraiths
  4 rime drakes
  19 cane toads
  4 kobold demonologists
  3 efreet (Volcano)
  9 komodo dragons
  6 entropy weaver simulacra (IceCv)
  6 trolls
  7 meliai
  22 tarantellas
  A merfolk (Lair:3)
  5 polar bears
  2 tyrant leeches (Lair:6)
  28 blink frogs
  13 slime creatures
  14 dream sheep
  25 jumping spiders
  2 wraiths (D:12)
  16 culicivoras
  2 wyverns
  37 yaks
  3 basilisks
  5 fire elementals
  37 redbacks
  6 vampire mosquitoes
  7 water moccasins
  7 wargs
  A demonic crawler simulacrum (IceCv)
  3 acid dragons
  5 hell hounds
  2 ugly thing simulacra (IceCv)
  38 orc warriors
  7 ogres
  An ice beast (D:6)
  A black bear (D:4)
  A necrophage (D:5)
  11 centaurs
  24 wolves
  A phantom (D:5)
  3 kobold brigands
  19 bullfrogs
  An earth elemental (Volcano)
  9 gnoll sergeants
  2 glowing shapeshifter simulacra (IceCv)
  A wyvern zombie (D:5)
  3 scorpions
  3 killer bees (D:11)
  11 wights
  4 electric eels
  5 howler monkeys
  5 hounds
  5 gnoll shamans (Bailey)
  14 orc priests
  6 jellies
  3 iguanas
  24 orc wizards
  A killer bee zombie (D:6)
  18 gnolls
  2 howler monkey zombies (D:9)
  5 adders
  A shadow imp (D:6)
  12 white imps (Lair:1)
  2 ufetubi
  An adder skeleton (D:4)
  A worm (D:2)
  5 dart slugs
  78 orcs
  6 endoplasms
  4 giant cockroaches
  13 goblins
  10 hobgoblins
  11 jackals
  11 quokkas
  5 ball pythons
  10 bats
  5 frilled lizards
  25 kobolds
  2 rats
859 creatures vanquished.

Vanquished Creatures (others)
  An orb spider (Spider:3)
  An entropy weaver simulacrum (IceCv)
  A tarantella (Spider:3)
  A jumping spider (Spider:1)
  An orc (Orc:2)
  24 fungi
  121 plants
  4 toadstools (D:1)
154 creatures vanquished.

Grand Total: 1013 creatures vanquished

Notes
Turn   | Place    | Note
-------+----------+-------------------------------------------
     0 | D:1      | Froggeryz the Spriggan Berserker began the quest for the
                  | Orb.
     0 | D:1      | Reached XP level 1. HP: 11/11 MP: 2/2
   227 | D:1      | Reached XP level 2. HP: 10/16 MP: 3/3
  1019 | D:1      | Reached XP level 3. HP: 18/19 MP: 4/4
  1083 | D:1      | Reached skill level 1 in Armour
  1517 | D:2      | Reached ** piety under Trog
  2172 | D:2      | Reached skill level 5 in Short Blades
  2233 | D:2      | Reached XP level 4. HP: 13/23 MP: 5/5
  2455 | D:2      | Found a faded altar of an unknown god.
  3242 | D:3      | Reached XP level 5. HP: 26/27 MP: 6/6
  3701 | D:4      | Noticed a black bear
  3707 | D:4      | Killed a black bear
  3893 | D:4      | Reached XP level 6. HP: 27/32 MP: 7/7
  3897 | D:4      | Reached *** piety under Trog
  3898 | D:4      | Reached skill level 1 in Stealth
  4558 | D:5      | Entered Level 5 of the Dungeon
  4819 | D:5      | Reached XP level 7. HP: 35/35 MP: 8/8
  5211 | D:5      | You fall into a shaft and drop 2 floors!
  5432 | D:6      | Noticed Pikel
  5460 | D:6      | Found Yqoix's Assorted Antiques.
  5790 | D:5      | Reached XP level 8. HP: 42/42 MP: 9/9
  6225 | D:6      | Killed Pikel
  6226 | D:6      | Reached skill level 10 in Short Blades
  6291 | D:6      | Found Apoh's Antique Weapon Emporium.
  6339 | D:6      | Bought a glowing dagger for 95 gold pieces
  6531 | D:5      | Reached skill level 5 in Fighting
  6780 | D:6      | Found Teul's General Store.
  6827 | D:6      | Reached XP level 9. HP: 46/47 MP: 10/10
  7418 | D:6      | Found a staircase to the Ecumenical Temple.
  8107 | D:7      | Found Zinidi's Assorted Antiques.
  9647 | D:9      | Reached XP level 10. HP: 53/53 MP: 11/11
  9944 | D:9      | Reached **** piety under Trog
 10176 | D:9      | Noticed a cyclops
 10215 | D:9      | Killed a cyclops
 10290 | D:9      | Noticed a two-headed ogre
 10339 | D:9      | Killed a two-headed ogre
 10474 | D:10     | Entered Level 10 of the Dungeon
 10476 | D:10     | Noticed a two-headed ogre
 10513 | D:10     | Found a shadowy altar of Dithmenos.
 10536 | D:10     | Killed a two-headed ogre
 10583 | D:10     | Found a flagged portal.
 10587 | D:10     | Identified the +1 robe of Quantum Leap {Rampage Will+
                  | Dex-3}
 10615 | Bailey   | Entered a bailey
 10788 | Bailey   | Reached skill level 15 in Short Blades
 11063 | Bailey   | Identified the amulet "Ydu Ocka" {Spirit -Tele rPois rC+
                  | MP+9}
 11724 | D:10     | Found a staircase to the Lair.
 11848 | D:9      | Reached XP level 11. HP: 60/60 MP: 12/12
 12599 | Lair:1   | Entered Level 1 of the Lair of Beasts
 12825 | Lair:1   | Noticed a five-headed hydra
 12853 | Lair:1   | Killed a five-headed hydra
 12854 | Lair:1   | Reached skill level 5 in Dodging
 13020 | Lair:1   | Reached skill level 6 in Dodging
 13078 | Lair:1   | Found a frozen archway.
 13109 | IceCv    | Entered an ice cave
 13283 | IceCv    | Reached skill level 7 in Dodging
 13443 | IceCv    | Reached ***** piety under Trog
 13444 | IceCv    | Reached skill level 8 in Dodging
 13783 | IceCv    | Reached skill level 9 in Dodging
 14089 | IceCv    | Noticed a quicksilver ooze
 14118 | IceCv    | Killed a quicksilver ooze
 14119 | IceCv    | Reached skill level 10 in Dodging
 14340 | IceCv    | Found a viscous altar of Jiyva.
 14340 | IceCv    | Noticed an azure jelly
 14366 | IceCv    | Killed an azure jelly
 14367 | IceCv    | Reached XP level 12. HP: 35/67 MP: 9/13
 14440 | IceCv    | Noticed an azure jelly
 14463 | IceCv    | Killed an azure jelly
 14464 | IceCv    | Reached skill level 11 in Dodging
 14515 | IceCv    | Identified the ring "Lanan" {rCorr Str+6}
 14520 | IceCv    | Identified the amulet of Koawakuz {Reflect Fly rN+ Int-4
                  | SH+5}
 15250 | Lair:2   | Found a runed translucent gate.
 15250 | Lair:2   | Found a runed translucent gate.
 15250 | Lair:2   | Found a runed translucent gate.
 15252 | Lair:2   | Noticed Naaf's ghost (journeyman DrFi)
 15555 | Lair:2   | Reached skill level 12 in Dodging
 15657 | Lair:2   | Noticed Fannar
 15669 | Lair:2   | Killed Fannar
 15670 | Lair:2   | Reached skill level 10 in Fighting
 16141 | Lair:3   | Noticed an eight-headed hydra
 16210 | Lair:2   | Killed an eight-headed hydra
 16211 | Lair:2   | Reached skill level 13 in Dodging
 16543 | Lair:3   | Reached skill level 14 in Dodging
 16961 | Lair:3   | Found a staircase to the Shoals.
 17505 | Lair:4   | Noticed an eight-headed hydra
 17597 | Lair:4   | Noticed a death yak
 17597 | Lair:4   | Noticed a death yak
 17597 | Lair:4   | Noticed a death yak
 17597 | Lair:4   | Noticed a death yak
 17629 | Lair:3   | Killed a death yak
 17643 | Lair:4   | Noticed a death yak
 17700 | Lair:3   | Killed a death yak
 17701 | Lair:3   | Reached skill level 15 in Dodging
 17701 | Lair:3   | Reached XP level 13. HP: 66/72 MP: 14/14
 18303 | Lair:4   | Reached skill level 16 in Dodging
 18408 | Lair:4   | Reached skill level 1 in Evocations
 18477 | Lair:4   | Found a hole to the Spider Nest.
 18774 | Lair:4   | Noticed a quicksilver ooze
 18822 | Lair:4   | Killed a quicksilver ooze
 19213 | Lair:5   | Reached skill level 5 in Evocations
 19331 | Lair:5   | Noticed Snorg
 19465 | Lair:4   | Killed Snorg
 19634 | Lair:5   | Identified a scroll of acquirement
 19635 | Lair:5   | Acquired a manual of Dodging
 19881 | D:7      | Bought a glowing scarf for 200 gold pieces
 19881 | D:7      | Bought a scroll of teleportation for 75 gold pieces
 19947 | D:6      | Bought a cyan potion for 24 gold pieces
 19947 | D:6      | Bought a scroll of teleportation for 81 gold pieces
 19947 | D:6      | Bought a fuming inky potion for 24 gold pieces
 19947 | D:6      | Bought a fizzy pink potion for 24 gold pieces
 19947 | D:6      | Bought a blue potion for 24 gold pieces
 19982 | D:6      | Bought a scroll of enchant armour for 82 gold pieces
 20293 | Lair:5   | Reached skill level 5 in Stealth
 20687 | Lair:5   | Identified the +7 dagger of the Unkillable {vorpal, rPois
                  | Will+ Str+3 Dex-4}
 21194 | Lair:5   | Received a gift from Trog
 21330 | Lair:6   | Entered Level 6 of the Lair of Beasts
 21487 | Lair:5   | Reached XP level 14. HP: 50/81 MP: 13/15
 21885 | Lair:5   | Reached skill level 10 in Stealth
 22605 | Lair:6   | Found a staircase to the Slime Pits.
 22659 | Lair:6   | Found a viscous altar of Jiyva.
 24224 | D:11     | Noticed Harold
 24280 | D:11     | Reached skill level 1 in Shields
 24335 | D:10     | Killed Harold
 24551 | D:11     | Received a gift from Trog
 24968 | D:12     | Noticed Maurice
 24978 | D:12     | Killed Maurice
 25370 | D:12     | Found a staircase to the Orcish Mines.
 25757 | D:12     | Noticed Urug
 25779 | D:12     | Killed Urug
 25901 | Orc:1    | Entered Level 1 of the Orcish Mines
 25930 | Orc:2    | Entered Level 2 of the Orcish Mines
 25930 | Orc:2    | Noticed Azrael
 26077 | Orc:2    | Killed Azrael
 26250 | Orc:1    | Reached XP level 15. HP: 86/86 MP: 16/16
 26359 | Orc:1    | Found a dark tunnel.
 26364 | Volcano  | Entered a volcano
 26636 | Volcano  | Received a gift from Trog
 26706 | Volcano  | Reached skill level 17 in Dodging
 26964 | Orc:2    | Noticed Erolcha
 27035 | Orc:2    | Killed Erolcha
 27219 | Orc:2    | Reached skill level 5 in Shields
 27226 | Orc:2    | Noticed an orc warlord
 27601 | Orc:1    | Killed an orc warlord
 27690 | Orc:2    | Received a gift from Trog
 27748 | Orc:2    | Found Lijurah's Mayhem Merchandise.
 27884 | Orc:2    | Found Exkis's Jewellery Emporium.
 27884 | Orc:2    | Found Ram Don's Assorted Antiques.
 27886 | Orc:2    | Found Raumius's Distillery.
 27888 | Orc:2    | Found Bam Ercha's Book Shoppe.
 27892 | Orc:2    | Bought the ring "Kag Tyuck" {*Corrode Fly rC++ Will+
                  | Slay+6} for 1068 gold pieces
 27900 | Orc:2    | Bought a potion of haste for 270 gold pieces
 27900 | Orc:2    | Bought a bubbling orange potion for 24 gold pieces
 27900 | Orc:2    | Bought a scroll of magic mapping for 94 gold pieces
 27902 | Orc:2    | Bought a potion of heal wounds for 90 gold pieces
 27902 | Orc:2    | Bought a potion of curing for 54 gold pieces
 27902 | Orc:2    | Bought a potion of curing for 54 gold pieces
 27902 | Orc:2    | Bought a potion of curing for 54 gold pieces
 27902 | Orc:2    | Bought a potion of might for 72 gold pieces
 28056 | Orc:2    | Found a staircase to the Elven Halls.
 28271 | Elf:1    | Entered Level 1 of the Elven Halls
 28564 | Spider:1 | Entered Level 1 of the Spider Nest
 28684 | Lair:4   | Reached skill level 18 in Dodging
 28845 | Spider:1 | Reached skill level 1 in Throwing
 29307 | Spider:1 | Reached ****** piety under Trog
 29415 | Spider:1 | Reached skill level 5 in Throwing
 29662 | Spider:1 | Received a gift from Trog
 29739 | Spider:1 | Identified Roxanne's Tome of Changing
 29739 | Spider:1 | Noticed Roxanne
 30412 | Spider:2 | Noticed Arachne
 30502 | Spider:2 | Killed Arachne
 31065 | Spider:2 | Reached XP level 16. HP: 93/93 MP: 17/17
 31649 | Spider:3 | Identified the +5 short sword of Earthquakes {vorpal, rElec
                  | rC+ Will+ Dex-4} (Trog gifted it to you on level 3 of the
                  | Spider Nest)
 31649 | Spider:3 | Received a gift from Trog
 32653 | Spider:4 | Entered Level 4 of the Spider Nest
 32659 | Spider:4 | Reached skill level 10 in Throwing
 32754 | Spider:3 | HP: 4/93 [meliai/divine providence (14)]
 32755 | Spider:3 | Succumbed to a meliai's poison

Illustrated notes

Levels and vault maps discovered:
D:1:      ldierk_walled_garden_2, layout_basic
D:2:      layout_loops_ring, chequers_ecumenical_altar_twisty
D:3:      minmay_evil_eye, layout_loops_cross, nicolae_elevator_lobby_asterisk
D:4:      layout_gridville, kennysheep_nub
D:5:      layout_gridville, serial_rivers, chequers_serial_rivers_small_3,
          chequers_serial_rivers_small_a, chequers_serial_rivers_room_a,
          chequers_serial_rivers_small_3, chequers_serial_rivers_large_b,
          chequers_serial_rivers_marsh
D:6:      layout_basic, temple_hall, serial_shops,
          nicolae_shop_temple_entry_statues_fountains, kennysheep_mini_moat,
          nicolae_shop_trees, minmay_misc_feat_rugged, uniq_pikel
D:7:      layout_loops_ring, serial_shops, shop_statue
D:8:      layout_basic
D:9:      minmay_chambers_of_sixes, layout_long_grid, eino_tiny_chamber
D:10:     layout_cave_pods, amcnicky_altar_gilded, lair_entry_dummy,
          enter_bailey_5
D:11:     layout_gridville, uniq_harold
D:12:     layout_rooms, david_orc_4, uniq_urug, uniq_maurice
Lair:1:   layout_cave_pods, portal_ice_cave_entry_imps
Lair:2:   layout_loops_ring, ebering_ghost_rock_garden, uniq_fannar
Lair:3:   layout_regular_city, elwin_shoals_entry_rooms,
          chequers_serial_rivers_micro_e, grunt_megastairs_3
Lair:4:   layout_misc_corridors, spider_nest_entry_funnel_web,
          nicolae_lair_time_for_slime, grunt_megastairs_2,
          infiniplex_staircase_pool
Lair:5:   layout_regular_city, serial_bayou, serial_bayou_lake_a,
          serial_bayou_pond_d, serial_bayou_lagoon_a, serial_bayou_ford_a,
          uniq_snorg
Lair:6:   minmay_lair_end_frog_pond, layout_cave_shapes, slime_altar_1
Spider:1: nicolae_spider_hilbert_zone_5 [nicolae_spider_hilbert_3_sides_1_open,
          nicolae_spider_hilbert_4_sides_1_open,
          nicolae_spider_hilbert_4_sides_1_open,
          nicolae_spider_hilbert_6_sides_1_open,
          nicolae_spider_hilbert_6_sides_1_open], nicolae_spider_webbed_stairs,
          uniq_roxanne
Spider:2: layout_spider_delve, spiders_nest_hornet_nest, uniq_arachne
Spider:3: layout_spider_delve
Spider:4: grunt_spider_rune_circles, hangedman_spider_tarantella_strand
Orc:1:    layout_diamond_mine, nicolae_volcano_entry_s_turn, mines5_lemuel
Orc:2:    st_orc_rangers, layout_caves, minmay_shop_mayhem, uniq_erolcha,
          uniq_azrael
Elf:1:    minmay_elf_arrival_plus, layout_geoelf_grid,
          minmay_elf_crystal_hexagon

Skill      XL: |  1  2  3  4  5  6  7  8  9 10 11 12 13 14 15 16 |
---------------+-------------------------------------------------+-----
Short Blades   | 4 5 6 7 8 9 11 13 15 16 | 16.0
Armour         | 1 |  1.2
Stealth        | 3 8 13 | 13.3
Fighting       | 3 5 6 8 9 10 12 13 14 | 14.0
Dodging        | 10 15 16 18 | 18.1
Evocations     | 5 |  5.3
Shields        | 4 6 7 |  7.9
Throwing       | 7 10 | 10.0

Action                   |  1- 3 |  4- 6 |  7- 9 | 10-12 | 13-15 | 16-18 || total
-------------------------+-------+-------+-------+-------+-------+-------++-------
Melee: Short sword       |   216 |   245 |   301 |   869 |   598 |       ||  2229
       Punch             |     2 |     3 |     6 |    18 |    42 |       ||    71
       Dagger            |       |       |   232 |   478 |    23 |       ||   733
       Quick blade       |       |       |       |       |  2735 |   368 ||  3103
Throw: Dart              |       |       |    13 |    14 |    36 |    33 ||    96
Invok: Berserk           |     2 |     6 |    14 |    16 |     6 |     2 ||    46
       Trog's Hand       |       |       |     2 |     4 |     3 |       ||     9
       Brothers in Arms  |       |       |       |     1 |       |       ||     1
Evoke: Wand              |       |       |       |    23 |    20 |       ||    43
  Use: Scroll            |     2 |       |     3 |     8 |    10 |     1 ||    24
       Potion            |       |       |       |     1 |       |     3 ||     4
 Stab: Sleeping          |     4 |     2 |     9 |       |    10 |     6 ||    31
       Distracted        |     1 |     1 |       |     1 |     7 |     1 ||    11
       Paralysed         |       |       |       |       |     1 |       ||     1
Armor: Animal skin       |    38 |    51 |    71 |    58 |       |       ||   218
       Troll leather arm |       |       |       |   156 |   308 |    32 ||   496
       Robe              |       |       |       |     3 |       |       ||     3
Dodge: Dodged            |   152 |   175 |   243 |   907 |  2098 |   254 ||  3829
Block: Other             |       |       |    51 |       |       |       ||    51
       Buckler           |       |       |       |       |   440 |   118 ||   558

Table legend: (Time is in decaauts)
 A = Elapsed time spent in this place.
 B = Non-inter-level travel time spent in this place.
 C = Inter-level travel time spent in this place.
 D = Time resting spent in this place.
 E = Time spent auto-exploring this place.
 F = Levels seen in this place.
 G = Mean time per level.
                   A        B        C        D        E       F      G
               +--------+--------+--------+--------+--------+-----+--------+
         Total |  22958 |  21872 |   1086 |   4762 |  10360 |  28 |  819.9 |
       Dungeon |  10414 |   9951 |    463 |   2166 |   5542 |  12 |  867.8 |
          Lair |   6502 |   5998 |    504 |    833 |   2995 |   6 | 1083.7 |
   Spider Nest |   2577 |   2528 |     49 |    636 |   1077 |   4 |  644.2 |
  Orcish Mines |   1314 |   1246 |     68 |    321 |    369 |   2 |  657.0 |
   Elven Halls |      1 |      1 |      0 |      0 |      0 |   1 |    1.0 |
        Bailey |    547 |    547 |      0 |     45 |    217 |   1 |  547.0 |
      Ice Cave |   1314 |   1314 |      0 |    695 |    107 |   1 | 1314.0 |
       Volcano |    287 |    287 |      0 |     64 |     50 |   1 |  287.0 |
               +--------+--------+--------+--------+--------+-----+--------+

Top non-repeatable levels by time:
  Lair:5: 1481 daAuts
  Lair:4: 1377 daAuts
   IceCv: 1314 daAuts
     D:6: 1244 daAuts
  Lair:3: 1170 daAuts
Spider:2: 1159 daAuts
     D:5: 1151 daAuts
     D:1: 1092 daAuts
  Lair:6: 1011 daAuts
     D:2: 970 daAuts
    D:10: 890 daAuts
     D:9: 861 daAuts
     D:4: 826 daAuts
     D:8: 747 daAuts
Spider:1: 739 daAuts
